 Dungeon Crawl Stone Soup version 0.31-a0-210-gccc998df9b (webtiles) character file.

Game seed: 14018380138140628951

413 qw the Shooter (level 6, -1/38 HPs)
             Began as a Gargoyle Hexslinger on June 29, 2023.
             Slain by a killer bee (4 damage)
             ... on level 5 of the Dungeon.
             The game lasted 00:02:30 (3344 turns).

qw the Shooter (Gargoyle Hexslinger)                Turns: 3344, Time: 00:02:30

Health: -1/38      AC:  8    Str: 12    XL:     6   Next: 91%
Magic:  7/7        EV: 12    Int: 13    God:
Gold:   216        SH:  0    Dex: 14    Spells: 6/7 levels left

rFire   . . .        Y - +1 sling
rCold   . . .        (no shield)
rNeg    + . .        a - +1 robe "Dury" {+Inv Regen+}
rPois   inf          (no helmet)
rElec   +            (no cloak)
rCorr   .            (no gloves)
SInv    .            b - +0 pair of boots
Will    .....        (no amulet)
Stlth   +            (no ring)
HPRegen 1.06/turn    (no ring)
MPRegen 0.10/turn

%: no passive effects
@: about to teleport
A: sickness immunity, AC +4, negative energy resistance 1, electricity
resistance, torment resistance 1, petrification resistance
a: Evoke Invisibility


You were on level 5 of the Dungeon.
You visited 2 branches of the dungeon, and saw 6 of its levels.

You collected 216 gold pieces.


Innate Abilities, Weirdness & Mutations

You are immune to sickness and miasma.
Your stone body is resilient. (AC +4)
You are immune to poison.
You resist negative energy. (rN+)
You are resistant to electric shocks. (rElec)
You are resistant to unholy torment.
You are immune to petrification.


   Skills:
 + Level 3.7 Fighting
 - Level 6.2 Ranged Weapons
 - Level 0.5 Armour
 - Level 1.5 Dodging
 - Level 1.0 Spellcasting
 - Level 2.6 Hexes


You had 6 spell levels left.
You knew the following spells:

 Your Spells              Type           Power      Damage    Failure   Level
a - Slow                  Hex            28%        N/A       10%         1

Your spell library contained the following spells:

 Spells                   Type           Power      Damage    Failure   Level
 Inner Flame              Hex/Fire       4%         N/A       43%         3
 Portal Projectile        Hex/Tloc       8%         N/A       43%         3
 Cause Fear               Hex            3%         N/A       67%         4

Inventory:

Hand Weapons
 Y - a +1 sling (weapon)
Armour
 a - the +1 robe "Dury" (worn) {+Inv Regen+}
   (You found it on level 2 of the Dungeon)

   +Inv:      It lets you turn invisible.
   Regen:     It increases your rate of health regeneration.
 b - a +0 pair of boots (worn)
Potions
 c - a potion of attraction {unknown}
 d - a potion of lignification {unknown}
 e - a potion of resistance
 f - a potion of enlightenment {unknown}
 g - 3 potions of heal wounds
 i - a potion of ambrosia {unknown}
 j - a potion of haste

Dungeon Overview and Level Annotations

Branches:
Dungeon (5/15)             Temple (1/1) D:4

Altars:
Ashenzari
Dithmenos
Elyvilon
Fedhas
Gozag
Kikubaaqudgha
Nemelex Xobeh
Qazlal
Ru
Sif Muna
Trog
Uskayaw
Vehumet
Wu Jian
Xom
Yredelemnul
Zin
The Shining One


Message History

The killer bee stings you.
You shoot a sling bullet.
The sling bullet misses the killer bee. x2
The sling bullet hits the killer bee.
The killer bee is moderately wounded.
The killer bee barely misses you. x2
The killer bee stings you but does no damage.
You shoot a sling bullet.
The sling bullet closely misses the killer bee.
The killer bee misses you. The killer bee stings you.
The killer bee stings you but does no damage.
The killer bee barely misses you. x2
You shoot a sling bullet. The sling bullet hits the killer bee.
The killer bee is moderately wounded.
The killer bee stings you but does no damage.
The killer bee barely misses you. The killer bee misses you.
The killer bee stings you. x2; The killer bee barely misses you.
You shoot a sling bullet.
The sling bullet closely misses the killer bee.
The killer bee stings you! The killer bee closely misses you.
The killer bee misses you. x2; The killer bee stings you. x2
You shoot a sling bullet. The sling bullet hits the killer bee.
The killer bee is moderately wounded.
The killer bee stings you but does no damage.
The killer bee closely misses you. The killer bee stings you.
The killer bee stings you but does no damage.
The killer bee stings you.
The killer bee stings you but does no damage.
The killer bee stings you.
The killer bee stings you but does no damage.
The killer bee misses you.
You shoot a sling bullet.
The sling bullet hits the killer bee but does no damage.
The killer bee is moderately wounded.
The killer bee stings you! The killer bee barely misses you. x3
The killer bee stings you! The killer bee completely misses you.
3344 ||| READING scroll of teleportation.
As you read the scroll of teleportation, it crumbles to dust.
You feel strangely unstable. The killer bee stings you.
You die...

## .# .# #
#.### .###...
.....y##......#
.....yy@.......
#....yyy..#.###
#####.###.# #.
.# # #


You could see 6 killer bees.

Vanquished Creatures
  Grinder (D:3)
  An ogre (D:4)
  3 adders
  A worm (D:4)
  3 dart slugs
  5 orcs (D:4)
  9 endoplasms
  6 giant cockroaches
  8 goblins
  4 hobgoblins
  11 jackals
  3 quokkas
  7 ball pythons
  4 bats
  6 frilled lizards
  10 kobolds
  8 rats
90 creatures vanquished.

Notes
Turn   | Place    | Note
-------+----------+-------------------------------------------
     0 | D:1      | qw the Gargoyle Hexslinger began the quest for the Orb.
     0 | D:1      | Reached XP level 1. HP: 12/12 MP: 2/2
     0 | D:1      | 0 ||| qw: Version: 0.3-a-24-ga2abf7b
     0 | D:1      | 0 ||| qw: Game counter: 6906
     0 | D:1      | 0 ||| qw: Melee chars always use a shield: true
     0 | D:1      | 0 ||| qw: God list: Okawaru
     0 | D:1      | 0 ||| qw: Allow faded altars: false
     0 | D:1      | 0 ||| qw: Do Orc after clearing Dungeon:15 true
     0 | D:1      | 0 ||| qw: Do second Lair branch before Depths: true
     0 | D:1      | 0 ||| qw: Lair rune preference: random
     0 | D:1      | 0 ||| qw: Goals: Normal
     0 | D:1      | 0 ||| PLANNING D:1-11
   140 | D:1      | Reached XP level 2. HP: 10/16 MP: 3/3
   222 | D:1      | Reached skill level 3 in Ranged Weapons
   356 | D:1      | Reached XP level 3. HP: 21/21 MP: 4/4
   814 | D:1      | 814 ||| UPGRADING to +0 ring mail.
   824 | D:1      | 824 ||| DROPPING +0 robe.
   825 | D:1      | 825 ||| DROPPING ring of magical power.
   826 | D:1      | 826 ||| READING scroll labelled NIEJOB WOICWIUDD.
   827 | D:1      | 827 ||| DRINKING 2 blue potions.
   828 | D:1      | 828 ||| DROPPING scroll of poison.
   863 | D:2      | Identified the +1 robe "Dury" {+Inv Regen+}
  1043 | D:2      | Reached XP level 4. HP: 26/26 MP: 5/5
  1049 | D:2      | Reached skill level 4 in Ranged Weapons
  1142 | D:2      | 1142 ||| FLEEEEING.
  1144 | D:2      | 1144 ||| FLEEEEING.
  1265 | D:2      | Found a faded altar of an unknown god.
  1332 | D:2      | 1332 ||| UPGRADING to +1 robe "Dury" {+Inv Regen+}.
  1342 | D:2      | 1342 ||| UPGRADING to +0 pair of boots.
  1347 | D:2      | 1347 ||| DROPPING +0 ring mail.
  1348 | D:2      | 1348 ||| DRINKING 2 grey potions.
  1452 | D:2      | 1452 ||| DROPPING potion of berserk rage.
  1470 | D:3      | 1470 ||| STAIRDANCE
  1922 | D:3      | Noticed Grinder
  1940 | D:3      | Paralysed by Grinder for 4 turns
  1959 | D:3      | 1959 ||| FLEEEEING.
  1960 | D:3      | 1960 ||| FLEEEEING.
  1961 | D:3      | 1961 ||| FLEEEEING.
  1962 | D:3      | 1962 ||| FLEEEEING.
  1963 | D:3      | 1963 ||| FLEEEEING.
  1966 | D:3      | Killed Grinder
  1967 | D:3      | Reached skill level 6 in Ranged Weapons
  1967 | D:3      | Reached XP level 5. HP: 30/30 MP: 6/6
  1967 | D:3      | Reached XP level 6. HP: 35/35 MP: 7/7
  2064 | D:3      | 2064 ||| READING scroll labelled SENLUC HINILATS.
  2067 | D:3      | 2067 ||| READING 3 scrolls labelled RATSEUX HIMP.
  2068 | D:3      | 2068 ||| READING scroll labelled EWKEXZ JA TEOF.
  2069 | D:3      | 2069 ||| DRINKING 2 bubbling dark potions.
  2070 | D:3      | 2070 ||| DRINKING 2 emerald potions.
  2071 | D:3      | 2071 ||| DROPPING potion of brilliance.
  2072 | D:3      | 2072 ||| DROPPING 2 scrolls of fear.
  2362 | D:4      | 2362 ||| DRINKING 2 bubbling black potions.
  2369 | D:4      | 2369 ||| FLEEEEING.
  2501 | D:4      | Found a staircase to the Ecumenical Temple.
  2502 | D:4      | 2502 ||| PLANNING TEMPLE
  2510 | Temple   | Entered the Ecumenical Temple
  2584 | Temple   | 2584 ||| PLANNING D:1-11
  2666 | D:4      | Reached skill level 3 in Fighting
  2889 | D:4      | 2889 ||| READING scroll labelled OPLILYI UFAICH.
  3336 | D:5      | Entered Level 5 of the Dungeon
  3343 | D:5      | HP: 9/38 [killer bee (7)]
  3343 | D:5      | HP: 2/38 [killer bee (7)]
  3344 | D:5      | 3344 ||| READING scroll of teleportation.
  3344 | D:5      | Slain by a killer bee

Levels and vault maps discovered:
D:1:      dpeg_arrival_connections, layout_loops_ring, minmay_misc_feat_room,
          corexii_item_surrounded_by_moat, chequers_jeans
D:2:      layout_rooms, chequers_ecumenical_altar_twisty
D:3:      layout_basic, uniq_grinder
D:4:      minmay_evil_eye, layout_gridville, minmay_temple_entry_gardened_gates,
          wad_orctagon
D:5:      layout_basic, old_standard_altar, minmay_misc_feat_roman,
          eino_tiny_chamber
Temple:   compressed_dpeg_circular_temple

Skill      XL: |  1  2  3  4  5  6 |
---------------+-------------------+-----
Ranged Weapons | 3 6 |  6.2
Fighting       | 2 3 |  3.7
Armour         | |  0.5
Dodging        | |  1.5
Spellcasting   | |  1.0
Hexes          | |  2.6

Action                     |  1- 3 |  4- 6 || total
---------------------------+-------+-------++-------
   Fire: Sling             |   154 |   188 ||   342
    Use: Potion            |     1 |     4 ||     5
         Scroll            |     1 |     5 ||     6
 Armour: Robe              |    33 |    33 ||    66
         Ring mail         |    13 |     3 ||    16
  Dodge: Dodged            |    57 |    57 ||   114

Table legend:
 A = Non-vault XP
 B = Vault XP
 C = Vault XP percentage of total XP
 D = Non-vault monster count
 E = Vault monster count
 F = Vault count percentage of total count
                 A         B        C        D         E       F
            +---------+---------+-------+---------+---------+-------
      Total |     303 |     288 |  48.7 |      83 |       7 |   7.8
            +---------+---------+-------+---------+---------+-------
        D:1 |      58 |       0 |   0.0 |      37 |       0 |   0.0
        D:2 |      51 |       0 |   0.0 |      14 |       0 |   0.0
        D:3 |      40 |     272 |  87.2 |      15 |       1 |   6.2
        D:4 |     154 |      16 |   9.4 |      17 |       6 |  26.1
            +---------+---------+-------+---------+---------+-------
